 Dungeon Crawl Stone Soup version 0.28-a0-1159-g27aa881441 (webtiles) character file.

Game seed: 9452261288320727309

1540 fragbeetle the Ruffian (level 8, -8/59 HPs)
             Began as a Green Draconian Transmuter on Dec 15, 2021.
             Was a Believer of Qazlal.
             Succumbed to a water moccasin's poison
             ... on level 6 of the Dungeon.
             The game lasted 00:19:23 (5744 turns).

fragbeetle the Ruffian (Green Draconian Transmuter) Turns: 5744, Time: 00:19:24

Health: -8/59      AC:  2    Str: 12 (14) XL:     8   Next: 56%
Magic:  9/11       EV: 18    Int: 13 (14) God:    Qazlal [**....]
Gold:   237        SH:  2    Dex: 14 (17) Spells: 3/11 levels left

rFire   . . .      SeeInvis .     - Unarmed
rCold   . . .      Faith    .   (shield currently unavailable)
rNeg    . . .      Spirit   .   (armour unavailable)
rPois   x          Reflect  .   (helmet currently unavailable)
rElec   .          Harm     .   (cloak currently unavailable)
rCorr   .          Rampage  .   (gloves currently unavailable)
Will    .....                   (boots currently unavailable)
Stlth   +.........              (no amulet)
HPRegen 0.19/turn               d - +4 ring of slaying
MPRegen 0.12/turn               (no ring)

@: lethally poisoned (-8 -> -54), spider-form (expiring), attractive
A: venomous fangs, (breathe noxious fumes), AC +6, tiny, unfitting armour,
(poison resistance), (cold-blooded)
a: End Transformation, Renounce Religion, Upheaval


You were on level 6 of the Dungeon.
You worshipped Qazlal.
Qazlal was pleased with you.
You were a venomous arachnid creature.
You visited 2 branches of the dungeon, and saw 7 of its levels.
You also visited: Sewer and Ossuary.

You collected 237 gold pieces.

Inventory:

Missiles
 e - 40 stones
 s - 22 bolts
 u - a throwing net
 y - 5 poisoned darts
Armour
 f - a +0 cloak
 z - a scarf of resistance (melded)
Jewellery
 d - a +4 ring of slaying (left front leg)
Wands
 x - a wand of polymorph (9)
Scrolls
 b - 6 scrolls of identify {unknown}
 c - a scroll of holy word {unknown}
 g - a scroll of magic mapping {unknown}
 h - 5 scrolls of fear {unknown}
 l - 2 scrolls of immolation {unknown}
 n - a scroll of brand weapon {unknown}
 p - 3 scrolls of summoning {unknown}
 q - 2 scrolls of blinking {unknown}
 r - a scroll of noise {unknown}
 v - a scroll of teleportation {unknown}
Potions
 a - a potion of attraction
 i - a potion of berserk rage
 j - 2 potions of degeneration
 k - 2 potions of ambrosia {unknown}
 m - 2 potions of flight {unknown}
 o - a potion of mutation {unknown}
 t - 2 potions of haste {unknown}
 w - a potion of curing {unknown}


   Skills:
 - Level 1.1 Fighting
 - Level 1.7 Dodging
 + Level 6.6 Unarmed Combat
 - Level 2.0 Spellcasting
 + Level 6.3 Transmutations
 + Level 3.6 Ice Magic
 - Level 6.2 Poison Magic


You had 3 spell levels left.
You knew the following spells:

 Your Spells              Type           Power      Damage    Failure   Level
a - Beastly Appendage     Tmut           34%        N/A       8%          1
b - Spider Form           Tmut/Pois      17%        N/A       17%         3
c - Ice Form              Ice/Tmut       14%        N/A       54%         4

Your spell library contained the following spells:

 Spells                   Type           Power      Damage    Failure   Level
 Wereblood                Tmut           17%        N/A       11%         2
 Summon Small Mammal      Summ           4%         N/A       47%         1
 Call Canine Familiar     Summ           1%         N/A       78%         3
 Summon Guardian Golem    Hex/Summ       1%         N/A       78%         3
 Blade Hands              Tmut           8%         N/A       69%         5
 Iron Shot                Conj/Erth      0%         9d1       100%        6
 Animate Armour           Summ/Erth      Unusable   N/A       N/A         4

Dungeon Overview and Level Annotations

Branches:
Dungeon (6/15)             Temple (1/1) D:4           Sewer (visited)
Ossuary (visited)

Altars:
Ashenzari
Cheibriados
Dithmenos
Elyvilon
Fedhas
Gozag
Hepliaklqana
Kikubaaqudgha
Makhleb
Qazlal
Ru
Trog
Uskayaw
Wu Jian
Xom
Yredelemnul
Zin
The Shining One

Shops:
D:2 *

Annotations:
D:2 firegold
D:4 Sigmund


Innate Abilities, Weirdness & Mutations

You are a venomous arachnid creature.
You have poisonous fangs.
You are tiny and dextrous.
Your spellcasting is less reliable in this form.
Your armour is entirely melded.
You are incapable of wielding weapons or throwing items.
((You can breathe blasts of noxious fumes.))
((Your lurid green scales are hard. (AC +6)))
You cannot fit into any form of body armour.
((Your system is resistant to poisons. (rPois)))
((You are cold-blooded and may be slowed by cold attacks.))


Message History

The water moccasin bites you!
You barely miss the water moccasin.
The water moccasin is lightly wounded.
The water moccasin barely misses you.
You closely miss the water moccasin.
The water moccasin is lightly wounded.
The water moccasin completely misses you.
You hit the water moccasin.
The water moccasin is moderately wounded.
The water moccasin barely misses you.
You hit the water moccasin.
The water moccasin is heavily wounded.
The water moccasin misses you. The water moccasin barely misses you.
You barely miss the water moccasin.
The water moccasin is heavily wounded.
The water moccasin bites you!
You are poisoned.
The water moccasin poisons you!
You closely miss the water moccasin.
The water moccasin is heavily wounded.
You feel extremely sick. The water moccasin bites you!
* * * LOW HITPOINT WARNING * * *
You feel very sick. The water moccasin closely misses you.
* * * LOW HITPOINT WARNING * * *
You feel very sick.
It was a potion of attraction.
You feel attractive to monsters.
* * * LOW HITPOINT WARNING * * *
You feel very sick. The water moccasin bites you!
* * * LOW HITPOINT WARNING * * *
You are more poisoned.
The water moccasin poisons you!
It was a potion of degeneration.
There was something very wrong with that liquid.
You feel weakened.
You feel dopey.
You feel clumsy.
Your transformation is almost over.
You die...

...#####...## ###
........###...#
............#.########
............#......#..
........#.#..........
#.....##.#.........#
##...#.......<.....
#.......#..........
###s....###..#####..
##.S###.###...# #..
#..○# #.##....# ##.
........# ####....# #.
##....... ##..#### ##
###.....# #......#
##..### #......# ###
##.#...# #.#..##


You could see a water moccasin.

Vanquished Creatures
  Pikel (D:5)
  Edmund (D:4)
  A black bear (D:5)
  Pargi (Sewer)
  A sky beast (D:5)
  A necrophage (D:4)
  2 lemures (D:5)
  An elf zombie (Ossuary)
  3 hounds
  A jelly (D:3)
  A gnoll shaman (D:5)
  An orc priest (D:4)
  3 orc wizards (D:4)
  An iguana (D:6)
  2 hound zombies (Ossuary)
  A hound skeleton (D:4)
  4 mummies (Ossuary)
  4 gnolls (D:5)
  5 adders
  A white imp (D:6)
  3 worm zombies (D:5)
  A worm (D:4)
  A dart slug (D:2)
  3 orcs
  8 ball pythons
  3 endoplasms
  2 goblins (D:4)
  6 hobgoblins
  3 jackals (D:5)
  2 quokkas
  11 bats
  3 frilled lizards
  2 gnoll zombies (Ossuary)
  3 hobgoblin zombies (Ossuary)
  A jackal zombie (Ossuary)
  3 kobolds
  A kobold zombie (Ossuary)
  An orc zombie (Ossuary)
  9 rats
  A rat zombie (Ossuary)
103 creatures vanquished.

Notes
Turn   | Place    | Note
-------+----------+-------------------------------------------
     0 | D:1      | fragbeetle the Draconian Transmuter began the quest for the
                  | Orb.
     0 | D:1      | Reached XP level 1. HP: 16/16 MP: 3/3
   148 | D:1      | Found a faded altar of an unknown god.
   730 | D:1      | Reached XP level 2. HP: 23/23 MP: 1/5
  1331 | D:2      | Found Deqian's Assorted Antiques.
  1721 | D:2      | Reached XP level 3. HP: 28/28 MP: 4/6
  1813 | D:2      | Learned a level 3 spell: Spider Form
  2407 | D:3      | Reached skill level 1 in Poison Magic
  2407 | D:3      | Reached XP level 4. HP: 32/35 MP: 5/7
  2742 | D:4      | Found a staircase to the Ecumenical Temple.
  2750 | Temple   | Entered the Ecumenical Temple
  2907 | Temple   | Became a worshipper of Qazlal Stormbringer
  2926 | D:4      | Noticed Sigmund
  2949 | D:4      | Noticed a necrophage
  2964 | D:4      | Killed a necrophage
  2965 | D:4      | Reached XP level 5. HP: 32/40 MP: 8/8
  2983 | D:4      | Found a glowing drain.
  2998 | Sewer    | Entered a sewer
  3279 | Sewer    | Noticed Pargi
  3286 | Sewer    | Killed Pargi
  3287 | Sewer    | Reached XP level 6. HP: 43/47 MP: 2/9
  3349 | D:4      | Reached skill level 5 in Unarmed Combat
  3680 | D:4      | Noticed a two-headed ogre
  3680 | D:4      | Noticed a sky beast
  3799 | D:4      | Found a burning altar of Makhleb.
  3829 | D:4      | Identified the +2 leather armour "Zimaphad" {rF+ Will+
                  | rCorr}
  3853 | D:4      | Noticed Edmund
  3875 | D:4      | Killed Edmund
  3876 | D:4      | Your scales start taking on a lurid green colour.
  3876 | D:4      | Reached XP level 7. HP: 33/52 MP: 7/10
  3876 | D:4      | Gained mutation: Your system is resistant to poisons.
                  | (rPois) [Green Draconian growth]
  4026 | D:4      | Learned a level 4 spell: Ice Form
  4064 | D:4      | Reached * piety under Qazlal
  4289 | D:5      | Entered Level 5 of the Dungeon
  4294 | D:5      | Found a sand-covered staircase.
  4304 | D:5      | Reached skill level 5 in Transmutations
  4318 | Ossuary  | Entered an ossuary
  4352 | Ossuary  | Reached skill level 1 in Ice Magic
  4832 | D:5      | Reached skill level 5 in Poison Magic
  5142 | D:5      | Reached XP level 8. HP: 55/59 MP: 7/11
  5164 | D:5      | Found a shadowy altar of Dithmenos.
  5174 | D:5      | Reached ** piety under Qazlal
  5207 | D:5      | Noticed Pikel
  5255 | D:5      | Killed Pikel
  5743 | D:6      | HP: 2/59 [water moccasin (7)]
  5744 | D:6      | Succumbed to a water moccasin's poison

Illustrated notes

Levels and vault maps discovered:
D:1:      dpeg_arrival_arbitrary_b, layout_basic,
          shapermc_ecumenical_altar_mp_ritualfount, dk_noncrumbling_2,
          minivault_14
D:2:      layout_basic, serial_shops, nicolae_shop_stone, lemuel_flame_loot_1
D:3:      layout_loops_ring
D:4:      layout_layer_cave, lightli_temple_of_fire,
          minmay_temple_entry_crystal_x, cheibrodos_sewer_entry_drain,
          minmay_manual_mullet, uniq_sigmund, uniq_edmund
D:5:      layout_basic, nicolae_dithmenos_through_a_glass_darkly,
          enter_ossuary_3, uniq_pikel
D:6:      layout_cave_pools, general_overflow_altar, st_stairs_13
Temple:   regret_index_temple_sphere_string

Skill      XL: |  1  2  3  4  5  6  7  8 |
---------------+-------------------------+-----
Transmutations | 3 4 5 6 |  6.3
Unarmed Combat | 4 5 6 |  6.6
Poison Magic   | 1 2 4 5 6 |  6.2
Ice Magic      | 2 3 |  3.6
Fighting       | |  1.1
Dodging        | |  1.7
Spellcasting   | |  2.0

Action                   |  1- 3 |  4- 6 |  7- 9 || total
-------------------------+-------+-------+-------++-------
Melee: Unarmed           |    74 |    68 |   142 ||   284
       Kick              |    11 |     7 |     3 ||    21
       Tailslap          |     3 |     4 |     3 ||    10
       Punch             |     2 |       |       ||     2
       Headbutt          |     7 |     6 |     2 ||    15
 Cast: Beastly Appendage |    34 |     6 |     1 ||    41
       Spider Form       |       |     4 |    17 ||    21
  Use: Potion            |       |       |     2 ||     2
Armor: Skin              |    17 |    15 |    11 ||    43
Dodge: Dodged            |    40 |    40 |   125 ||   205
Block: Other             |       |       |     5 ||     5

Table legend: (Time is in decaauts)
 A = Elapsed time spent in this place.
 B = Non-inter-level travel time spent in this place.
 C = Inter-level travel time spent in this place.
 D = Time resting spent in this place.
 E = Time spent auto-exploring this place.
 F = Levels seen in this place.
 G = Mean time per level.
                   A        B        C        D        E       F      G
               +--------+--------+--------+--------+--------+-----+--------+
         Total |   5749 |   5692 |     57 |   1214 |   2314 |   9 |  638.8 |
       Dungeon |   4774 |   4717 |     57 |    697 |   2272 |   6 |  795.7 |
        Temple |    173 |    173 |      0 |      0 |     42 |   1 |  173.0 |
         Sewer |    337 |    337 |      0 |    245 |      0 |   1 |  337.0 |
       Ossuary |    463 |    463 |      0 |    272 |      0 |   1 |  463.0 |
               +--------+--------+--------+--------+--------+-----+--------+

Top non-repeatable levels by time:
     D:1: 1260 daAuts
     D:4: 1048 daAuts
     D:5: 843 daAuts
     D:3: 762 daAuts
     D:2: 727 daAuts
 Ossuary: 463 daAuts
   Sewer: 337 daAuts
  Temple: 173 daAuts
     D:6: 133 daAuts
